 Dungeon Crawl Stone Soup version 0.28.0-53-g5a82cb258f (webtiles) character file.

Game seed: 5388541903262132544

254 Sin92 the Skirmisher (level 5, 0/42 HPs)
             Began as a Demonspawn Fighter on Aug 16, 2022.
             Slain by an ogre
             ... wielding a +0 giant spiked club
              (22 damage)
             ... on level 4 of the Dungeon.
             The game lasted 00:05:41 (3522 turns).

Sin92 the Skirmisher (Demonspawn Fighter)           Turns: 3522, Time: 00:05:41

Health: 0/42       AC: 15    Str: 19    XL:     5   Next: 90%
Magic:  5/5        EV:  5    Int:  9    God:
Gold:   206        SH:  8    Dex: 12    Spells: 4/4 levels left

rFire   . . .      SeeInvis .   a - +0 war axe
rCold   . . .      Faith    .   c - +0 buckler
rNeg    . . .      Spirit   .   n - +0 plate armour
rPois   .          Reflect  .   f - +0 helmet
rElec   .          Harm     .   (no cloak)
rCorr   .          Rampage  .   (no gloves)
Will    +....                   m - +0 pair of boots
Stlth   ..........              (no amulet)
HPRegen 0.14/turn               o - ring of willpower
MPRegen 0.09/turn               (no ring)

@: mighty
A: icy blue scales 1, condensation shield
a: no special abilities


You were on level 4 of the Dungeon.
You visited 1 branch of the dungeon, and saw 4 of its levels.

You collected 206 gold pieces.

Inventory:

Hand Weapons
 a - a +0 war axe (weapon)
Armour
 b - a +0 scale mail
 c - a +0 buckler (worn)
 f - a +0 helmet (worn)
 j - a +0 chain mail
 m - a +0 pair of boots (worn)
 n - a +0 plate armour (worn)
Jewellery
 o - a ring of willpower (left hand)
Scrolls
 e - a scroll of immolation
 g - a scroll of torment
 h - a scroll of silence {unknown}
 i - a scroll of identify
Potions
 d - a potion of might
 l - a potion of degeneration


   Skills:
 + Level 3.7 Fighting
 * Level 3.6 Axes
 + Level 3.4 Armour
 + Level 2.0 Dodging
 + Level 3.4 Shields


You had 4 spell levels left.
You didn't know any spells.
Your spell library contained the following spells:

 Spells                   Type           Power      Damage    Failure   Level
 Static Discharge         Conj/Air       0%         N/A       100%        2
 Dispel Undead            Necr           0%         3d6       100%        4
 Sticky Flame             Conj/Fire      0%         2d3       100%        4


Dungeon Overview and Level Annotations

Branches:
Dungeon (4/15)
 Temple: D:4-7

Altars:


Innate Abilities, Weirdness & Mutations

You are partially covered in icy blue scales. (AC +2)
A meltable shield of frost defends you. (SH +4)


Message History

You see here a +0 short sword.
Found a short sword.
A hobgoblin comes into view.
The hobgoblin shouts!
A hobgoblin is nearby!
A hobgoblin is nearby!
A hobgoblin is nearby!
Nothing quivered!
Nothing quivered!
Found 9 gold pieces.
An ogre comes into view. It is wielding a +0 giant spiked club.
The ogre shouts!
A quokka comes into view.
The hobgoblin barely misses you.
You slash the hobgoblin!
You kill the hobgoblin!
The ogre hits you with a +0 giant spiked club!
You slash the ogre!
The ogre is moderately wounded.
The ogre hits you with a +0 giant spiked club!!
Ouch! That really hurt!
* * * LOW HITPOINT WARNING * * *
You are too injured to fight recklessly!
You are too injured to fight recklessly!
You are too injured to fight recklessly!
You are too injured to fight recklessly!
You are too injured to fight recklessly!
You are too injured to fight recklessly!
You are too injured to fight recklessly!
You are too injured to fight recklessly!
You are too injured to fight recklessly!
Unknown command.
It was a potion of heal wounds.
You feel much better. You block the ogre's attack.
You feel very mighty all of a sudden.
The quokka bites you but does no damage.
The quokka bites you.
The ogre hits you with a +0 giant spiked club!!
Ouch! That really hurt!
You die...

..........#.#.#.
..........#.#.#.
###.......#.#.#.
..........#... .
#####.......#).. ...
...............
....#######.............
........................
......r@................
......O.................
........................
......)...............##
......................##
...$...##########.####..
....... #.# ### .......
#.# #.. ........# #.#
#..


You could see an ogre and a quokka.

Vanquished Creatures
  A water moccasin zombie (D:3)
  A bullfrog skeleton (D:4)
  An iguana (D:3)
  A howler monkey skeleton (D:4)
  8 adders
  2 dart slugs
  5 bats
  7 endoplasms
  3 giant cockroaches (D:1)
  A goblin (D:1)
  3 hobgoblins
  5 jackals (D:1)
  4 quokkas
  7 ball pythons
  4 frilled lizards
  5 kobolds
  2 rats (D:2)
60 creatures vanquished.

Notes
Turn   | Place    | Note
-------+----------+-------------------------------------------
     0 | D:1      | Sin92 the Demonspawn Fighter began the quest for the Orb.
     0 | D:1      | Reached XP level 1. HP: 18/18 MP: 1/1
   213 | D:1      | Gained mutation: A meltable shield of frost defends you.
                  | (SH +4) [demonic ancestry]
   213 | D:1      | Reached XP level 2. HP: 15/24 MP: 2/2
   708 | D:1      | Found a faded altar of an unknown god.
   744 | D:1      | Reached XP level 3. HP: 29/29 MP: 3/3
  1070 | D:2      | Reached skill level 1 in Dodging
  1419 | D:2      | Reached XP level 4. HP: 35/35 MP: 4/4
  2647 | D:3      | Gained mutation: You are partially covered in icy blue
                  | scales. (AC +2) [demonic ancestry]
  2647 | D:3      | Reached XP level 5. HP: 33/41 MP: 5/5
  2711 | D:3      | Identified the +0 ring mail of the Snail {rElec rCorr Int+6
                  | Dex+4}
  3515 | D:4      | Noticed an ogre
  3520 | D:4      | HP: 2/42 [ogre/+0 giant spiked club (23)]
  3522 | D:4      | Slain by an ogre

Illustrated notes

Levels and vault maps discovered:
D:1:      dpeg_arrival_central, layout_rooms, ebering_ecumenical_altar_ruins,
          minmay_liquid_box, minmay_pentomino_u4
D:2:      layout_basic
D:3:      layout_basic
D:4:      layout_layer_cave, serial_co_window_serial, co_window_paths_b,
          co_window_paths_a, co_window_paths_b, co_window_cross_1,
          co_window_paths_b, co_window_paths_b, co_window_corner_a,
          co_window_2corner, co_window_2corner, co_window_broadway_c,
          co_window_paths_c, co_window_unsneaky_path_a, co_window_corner_b

Skill      XL: |  1  2  3  4  5 |
---------------+----------------+-----
Axes           | 2 3 |  3.6
Dodging        | 1 2 |  2.0
Shields        | 3 |  3.4
Armour         | 3 |  3.4
Fighting       | |  3.7

Action                   |  1- 3 |  4- 6 || total
-------------------------+-------+-------++-------
Melee: War axe           |    86 |   115 ||   201
  Use: Scroll            |       |     6 ||     6
       Potion            |       |     2 ||     2
Armor: Scale mail        |    24 |       ||    24
       Chain mail        |    11 |    13 ||    24
       Plate armour      |       |    54 ||    54
Dodge: Dodged            |    35 |    20 ||    55
Block: Buckler           |    32 |    65 ||    97
